 Dungeon Crawl Stone Soup version 0.27-a0-1416-g941b2bd30b (webtiles) character file.

Game seed: 16174067267720229296

0 night the Insei (level 1, 0/13 HPs)
             Began as an Octopode Transmuter on July 1, 2021.
             Slain by a jackal (1 damage)
             ... on level 1 of the Dungeon.
             The game lasted 00:00:29 (70 turns).

night the Insei (Octopode Transmuter)                 Turns: 70, Time: 00:00:29

Health: 0/13       AC:  1    Str:  9    XL:     1   Next: 10%
Magic:  1/3        EV: 13    Int: 15    God:
Gold:   0          SH:  0    Dex: 12    Spells: 3/4 levels left

rFire    . . .     SeeInvis .     - Unarmed
rCold    . . .     Faith    .   (no shield)
rNeg     . . .     Spirit   .   (helmet currently unavailable)
rPois    .         Reflect  .   (no amulet)
rElec    .         Harm     .   (no ring)
rCorr    .         Rampage  .   (no ring)
Will     .....                  (no ring)
Stlth    ++........             (no ring)
HPRegen  0.04/turn              (no ring)
MPRegen  0.08/turn              (no ring)
                                (no ring)
                                (no ring)

@: appendages
A: tentacle spike 3, almost no armour, amphibious, 8 rings, camouflage 1,
gelatinous body 1, (nimble swimmer 1), tentacles
a: End Transformation


You were on level 1 of the Dungeon.
One of your tentacles had grown a beastly spike.
You visited 1 branch of the dungeon, and saw 1 of its levels.

You aren't carrying anything.


   Skills:
 - Level 1.0 Fighting
 - Level 2.0 Dodging
 + Level 3.0 Unarmed Combat
 - Level 2.0 Spellcasting
 + Level 2.0 Transmutations


You had 3 spell levels left.
You knew the following spells:

 Your Spells              Type           Power      Damage    Failure   Level
a - Beastly Appendage     Tmut           14%        N/A       10%         1

Your spell library contained the following spells:

 Spells                   Type           Power      Damage    Failure   Level
 Wereblood                Tmut           7%         N/A       14%         2
 Spider Form              Tmut/Pois      2%         N/A       41%         3
 Ice Form                 Ice/Tmut       4%         N/A       82%         4


Dungeon Overview and Level Annotations

Branches:
Dungeon (1/15)

Altars:


Innate Abilities, Weirdness & Mutations

One of your tentacles has grown a beastly spike.
You cannot wear most types of armour.
You are amphibious.
You can wear up to eight rings at the same time.
Your skin changes colour to match your surroundings (Stealth+).
Your rubbery body absorbs attacks. (AC +1, EV +1)
((You are camouflaged near water. (Stealth+)))
You have tentacles for arms and can constrict up to eight enemies at once.


Message History

You see here a rat corpse.
A kobold comes into view. It is wielding a +0 whip.
A quokka and a jackal come into view.
Found a bubbling blue potion.
The jackal barks!
You hear an angry hiss.
A kobold comes into view. It is wielding a +0 dagger.
Casting: Beastly Appendage (safe; 10% risk of failure)
Confirm with . or Enter, or press ? or * to list all spells.
You miscast Beastly Appendage.
You are very lightly contaminated with residual magic.
Nothing appears to happen.
The quokka bites you.
You see here a rat corpse.
Casting: Beastly Appendage (safe; 10% risk of failure)
Confirm with . or Enter, or press ? or * to list all spells.
One of your tentacles grows a vicious spike.
The quokka bites you. The quokka closely misses you.
Unknown command.
You tentacle-slap the quokka but do no damage.
Your grab misses the quokka. Your squeeze misses the quokka.
The quokka misses you.
You tentacle-slap the quokka. Your grab misses the quokka.
Your tentacle spike misses the quokka.
The quokka is lightly wounded.
The quokka bites you.
You tentacle-slap the quokka. You grab the quokka.
The quokka is heavily wounded.
You constrict the quokka. The quokka bites you.
* * * LOW HITPOINT WARNING * * *
You tentacle-slap the quokka but do no damage.
Your tentacle spike misses the quokka.
The quokka is heavily wounded.
You constrict the quokka. The quokka completely misses you.
Your magical contamination has completely faded away.
You barely miss the quokka.
You pierce the quokka.
The quokka is almost dead.
You constrict the quokka.
You kill the quokka!
The jackal bites you.
You die...

# # ###. ### #
#..## #..
#########...###.#
.............#.#
####.####>....##
#.####......#####
#.##.........@hK#
#.##.#######.##.#
##.##.# #.##.#
#.....# #.##.#
#..##.# ..##K#
#..##.#
..#.........
#...##.#
....K....####
#....##)#
.##.##.#.#
##..###.. ..
.....


You could see a jackal and a kobold.

Vanquished Creatures
  A quokka (D:1)
  A rat (D:1)
2 creatures vanquished.

Notes
Turn   | Place    | Note
-------+----------+-------------------------------------------
     0 | D:1      | night the Octopode Transmuter began the quest for the Orb.
     0 | D:1      | Reached XP level 1. HP: 13/13 MP: 3/3
    68 | D:1      | HP: 1/13 [quokka (3)]
    70 | D:1      | Slain by a jackal

Illustrated notes

Levels and vault maps discovered:
D:1:      tarquinn_simple_flora_water_f, layout_loops_ring, moated_statue,
          hangedman_glass_teeth, minmay_tromino_v4_b

Action                   || total
-------------------------++-------
Melee: Unarmed           ||     7
       Constrict         ||     2
       Kick              ||     1
 Cast: Beastly Appendage ||     1
  Use: Scroll            ||     1
Dodge: Dodged            ||     5

Table legend: (Time is in decaauts)
 A = Elapsed time spent in this place.
 B = Non-inter-level travel time spent in this place.
 C = Inter-level travel time spent in this place.
 D = Time resting spent in this place.
 E = Time spent auto-exploring this place.
 F = Levels seen in this place.
 G = Mean time per level.
                   A        B        C        D        E       F      G
               +--------+--------+--------+--------+--------+-----+--------+
         Total |     69 |     69 |      0 |      0 |     46 |   1 |   69.0 |
       Dungeon |     69 |     69 |      0 |      0 |     46 |   1 |   69.0 |
               +--------+--------+--------+--------+--------+-----+--------+

Top non-repeatable levels by time:
     D:1: 69 daAuts
